 Dungeon Crawl Stone Soup version 0.29-a0-474-gdfe5cd140f (webtiles) character file.

Game seed: 4796810785581028544

177 testman the Conjurer (level 5, -3/36 (38) HPs)
             Began as a Draconian Conjurer on May 23, 2022.
             Slain by a hell rat (4 damage)
             ... in a sewer.
             The game lasted 00:10:40 (3388 turns).

testman the Conjurer (Draconian Conjurer)           Turns: 3388, Time: 00:10:42

HP:   -3/36 (38)    AC:  5    Str:  9    XL:     5   Next: 31%
MP:   3/10          EV: 12    Int: 20    God:
Gold: 128           SH:  0    Dex: 10    Spells: 8/11 levels left

rFire   + . .      SeeInvis .   i - +2 dagger (speed)
rCold   . . .      Faith    .   (no shield)
rNeg    . . .      Spirit   .   (body armour unavailable)
rPois   .          Reflect  .   (helmet restricted)
rElec   .          Harm     .   (no cloak)
rCorr   .          Rampage  .   (no gloves)
Will    .....                   (no boots)
Stlth   ++........              (no amulet)
HPRegen 0.12/turn               c - ring of protection from fire
MPRegen 0.12/turn               (no ring)

@: drained
A: AC +5, unfitting armour, cold-blooded
a: no special abilities


You were in a sewer.
You visited 1 branch of the dungeon, and saw 4 of its levels.
You also visited: Sewer.

You collected 128 gold pieces.

Inventory:

Hand Weapons
 b - a +0 dagger
 e - a +3 whip
 i - a +2 dagger of speed (weapon)
Missiles
 g - 126 stones
 n - 6 poisoned darts
Jewellery
 c - a ring of protection from fire (left hand)
Wands
 o - a wand of flame (10)
Scrolls
 d - 3 scrolls of teleportation
 h - 2 scrolls of identify
 j - 3 scrolls of torment
 k - a scroll of enchant armour {unknown}
 p - a scroll of amnesia {unknown}
 q - a scroll of fear {unknown}
Potions
 a - 2 potions of magic
 f - 2 potions of curing {unknown}
 l - 2 potions of lignification {unknown}
 m - a potion of cancellation {unknown}
 r - a potion of heal wounds {unknown}


   Skills:
 - Level 1.7 Dodging
 - Level 1.7 Stealth
 + Level 3.9 Spellcasting
 + Level 5.4 Conjurations


You had 8 spell levels left.
You knew the following spells:

 Your Spells              Type           Power      Damage    Failure   Level
a - Magic Dart            Conj           100%       1d8       1%          1
b - Searing Ray           Conj           50%        2d6       1%          2

Your spell library contained the following spells:

 Spells                   Type           Power      Damage    Failure   Level
 Dazzling Flash           Conj/Hex       28%        N/A       13%         3
 Ozocubu's Armour         Ice            3%         N/A       36%         3
 Fulminant Prism          Conj/Hex       7%         3d7       38%         4
 Iskenderun's Mystic Bla  Conj/Tloc      14%        2d5       38%         4
 Ozocubu's Refrigeration  Ice            1%         4d5       100%        7


Dungeon Overview and Level Annotations

Branches:
Dungeon (4/15)              Sewer (1/1)
 Temple: D:4-7

Altars:


Innate Abilities, Weirdness & Mutations

Your plain brown scales are hard. (AC +5)
You cannot fit into any form of body armour.
You are cold-blooded and may be slowed by cold attacks.


Message History

Press: ? - help, Shift-Dir - straight line, f - hell rat
Aim: a hell rat (asleep, 100% to hit)
The searing ray hits the hell rat.
The hell rat is moderately wounded.
The hell rat roars deafeningly! (Press . to maintain the ray.)
The searing ray hits the hell rat but does no damage.
The hell rat is moderately wounded.
You start resting.
A hell rat is nearby!
You closely miss the hell rat.
The hell rat is moderately wounded.
The hell rat bites you!
You hit the hell rat but do no damage. You tail-slap the hell rat.
The hell rat is moderately wounded.
The hell rat twitches its whiskers.
The hell rat bites you!
Casting: Searing Ray (safe; 1% risk of failure)
Confirm with . or Enter, or press ? or * to list all spells.
Aiming: Searing Ray (safe; 1% risk of failure)
Press: ? - help, Shift-Dir - straight line, f/p - hell rat
Aim: a hell rat (moderately wounded, 79% to hit)
The searing ray hits the hell rat but does no damage.
The hell rat is moderately wounded. (Press . to maintain the ray.)
The hell rat misses you.
The searing ray hits the hell rat.
The hell rat is moderately wounded.
The hell rat bites you.
* * * LOW HITPOINT WARNING * * *
You feel drained.
The searing ray misses the hell rat.
The hell rat bites you but does no damage.
The searing ray hits the hell rat but does no damage.
The hell rat is moderately wounded.
You finish channelling your searing ray.
The hell rat bites you!
* * * LOW HITPOINT WARNING * * *
The hell rat bites you.
You die...

#≈..≈≈∩≈.≈≈.###
.≈†..#####≈≈.≈≈#
...###?∩
###.≈≈##
..##≈?!! ##†.≈#
≈ ...≈≈ #≈..#
.≈≈≈ ##.≈≈# ≈
#.≈ ###≈†≈##
≈.≈≈##r##≈≈.≈.#
#≈≈≈.≈.@≈≈.≈###
###....≈≈≈###
#########


You could see a hell rat.

Vanquished Creatures
  An ice beast (D:3)
  2 adders
  A river rat (Sewer)
  A dart slug (D:1)
  2 orcs
  4 bats
  8 endoplasms
  5 giant cockroaches
  9 goblins
  2 hobgoblins
  5 kobolds
  3 quokkas
  3 frilled lizards
  11 rats
57 creatures vanquished.

Notes
Turn   | Place    | Note
-------+----------+-------------------------------------------
     0 | D:1      | testman the Draconian Conjurer began the quest for the Orb.
     0 | D:1      | Reached XP level 1. HP: 14/14 MP: 3/3
   188 | D:1      | Reached XP level 2. HP: 4/20 MP: 0/5
   198 | D:1      | Learned a level 2 spell: Searing Ray
  1261 | D:2      | Reached XP level 3. HP: 26/26 MP: 0/7
  1381 | D:2      | Found a faded altar of an unknown god.
  2570 | D:3      | Noticed an ice beast
  2594 | D:3      | Killed an ice beast
  2595 | D:3      | Reached skill level 5 in Conjurations
  2595 | D:3      | Reached XP level 4. HP: 33/33 MP: 0/9
  2595 | D:3      | Reached XP level 5. HP: 38/38 MP: 0/10
  3176 | D:4      | Found a glowing drain.
  3188 | Sewer    | Entered a sewer
  3388 | Sewer    | HP: 1/36 [hell rat (7)]
  3388 | Sewer    | Slain by a hell rat

Illustrated notes

Levels and vault maps discovered:
D:1:      dpeg_arrival_tiny_h, layout_rooms, amcnicky_mini_pool_small
D:2:      layout_basic, serial_curves, eino_curves_02, eino_curves_01,
          eino_curves_04, ebering_ecumenical_altar_webs, minmay_strange_pillars
D:3:      layout_rooms, grunt_ministairs_11, kennysheep_generic_room_14
D:4:      layout_rooms, portal_sewer_entry_d, serial_bayou_pond_a,
          kennysheep_cluttered_room, minmay_quadrilaterals, uniq_duvessa
Sewer:    sewer_hellmonk_bad_rat

Skill      XL: |  1  2  3 |
---------------+----------+-----
Spellcasting   | 3 |  3.9
Conjurations   | 5 |  5.4
Dodging        | |  1.7
Stealth        | |  1.7

Action                   |  1- 3 |  4- 6 || total
-------------------------+-------+-------++-------
Melee: Dagger            |    29 |     2 ||    31
       Tailslap          |     4 |     3 ||     7
       Whip              |    15 |     6 ||    21
       Punch             |     1 |       ||     1
 Cast: Magic Dart        |    59 |    22 ||    81
       Searing Ray       |     2 |     5 ||     7
  Use: Scroll            |       |     4 ||     4
 Stab: Sleeping          |     1 |       ||     1
Armor: Skin              |    10 |     7 ||    17
Dodge: Dodged            |    31 |     3 ||    34

Table legend: (Time is in decaauts)
 A = Elapsed time spent in this place.
 B = Non-inter-level travel time spent in this place.
 C = Inter-level travel time spent in this place.
 D = Time resting spent in this place.
 E = Time spent auto-exploring this place.
 F = Levels seen in this place.
 G = Mean time per level.
                   A        B        C        D        E       F      G
               +--------+--------+--------+--------+--------+-----+--------+
         Total |   3396 |   3268 |    128 |    836 |   2067 |   5 |  679.2 |
       Dungeon |   3191 |   3063 |    128 |    719 |   2011 |   4 |  797.8 |
         Sewer |    204 |    204 |      0 |    117 |     56 |   1 |  204.0 |
               +--------+--------+--------+--------+--------+-----+--------+

Top non-repeatable levels by time:
     D:2: 1217 daAuts
     D:1: 1170 daAuts
     D:3: 742 daAuts
   Sewer: 204 daAuts
     D:4: 61 daAuts
